 Dungeon Crawl Stone Soup version 0.28-a0-32-g8dfe7f97f6 (webtiles) character file.

Game seed: 6119330226113118480

190 willcat the Sneak (level 6, -7/35 (37) HPs)
             Began as a Kobold Delver on July 27, 2021.
             Shot with an arrow by a centaur (12 damage)
             ... on level 8 of the Dungeon.
             The game lasted 00:02:21 (516 turns).

willcat the Sneak (Kobold Delver)                    Turns: 516, Time: 00:02:22

HP:   -7/35 (37)    AC:  3    Str:  9    XL:     6   Next: 1%
MP:   9/9           EV: 14    Int: 12    God:
Gold: 92            SH:  0    Dex: 18    Spells: 8/10 levels left

rFire   . . .      SeeInvis .   a - +1 short sword
rCold   . . .      Faith    .   (shield restricted)
rNeg    . . .      Spirit   .   b - +0 leather armour
rPois   .          Reflect  .   (no helmet)
rElec   .          Harm     .   (no cloak)
rCorr   .          Rampage  .   (no gloves)
Will    .....                   (no boots)
Stlth   +++++.....              (no amulet)
HPRegen 0.11/turn               (no ring)
MPRegen 0.11/turn               (no ring)

@: drained
A: small, no large weapons, nightstalker 3
a: no special abilities


You were on level 8 of the Dungeon.
You visited 1 branch of the dungeon, and saw 5 of its levels.

You collected 92 gold pieces.

Inventory:

Hand Weapons
 a - a +1 short sword (weapon)
Armour
 b - a +0 leather armour (worn)
Wands
 g - a wand of digging (3)
Scrolls
 c - a scroll of fog
 d - a scroll of magic mapping
 e - a scroll of fear
Potions
 f - a potion of haste


   Skills:
 - Level 3.2 Fighting
 + Level 4.6 Short Blades
 + Level 2.4 Dodging
 + Level 7.8 Stealth
 + Level 2.6 Spellcasting
 + Level 0.3 Air Magic
 + Level 1.4 Poison Magic


You had 8 spell levels left.
You knew the following spells:

 Your Spells              Type           Power      Damage    Failure   Level
a - Poisonous Vapours     Pois/Air       6%         N/A       36%         2

Your spell library contained the following spells:

 Spells                   Type           Power      Damage    Failure   Level
 Corpse Rot               Necr/Air       N/A        N/A       45%         2
 Freezing Cloud           Conj/Ice/Air   0%         6-21      100%        5


Dungeon Overview and Level Annotations

Branches:
Dungeon (9/15)
 Temple: D:4-7         Lair: D:8-11         Orc: D:9-12

Altars:


Innate Abilities, Weirdness & Mutations

You are small and have problems with some larger weapons.
You are completely attuned to the shadows.


Message History

You feel drained.
Unknown command.
The wight misses you.
Okay, then.
As you read the scroll labelled JUNLI DUBATU, it crumbles to dust.
You hear a loud clanging noise!
It was a scroll of noise.
Unknown command.
As you read the scroll labelled UKUYRAESKO, it crumbles to dust.
It is a scroll of enchant weapon.
Your +0 short sword glows red for a moment.
The wight hits you with a +0 short sword!
You feel drained. The wight barely misses you.
You see here a +0 long sword.
Okay, then.
Press: ? - help, v - describe, . - travel
Here: a wight, wielding a +1 vorpal dire flail and wearing a +0 robe The floor.
There is a stone staircase leading up, spattered with blood here.
You climb upwards.
The yak closely misses you. The yak gores you. The yak misses you.
The yak closely misses you. The yak completely misses you.
The centaur shoots an arrow.
The arrow hits you!
There is a stone staircase leading down, spattered with blood here.
Unknown command.
The yak closely misses you.
The centaur shoots an arrow.
The arrow hits you!
* * * LOW HITPOINT WARNING * * *
The yak gores you.
* * * LOW HITPOINT WARNING * * *
Unknown command.
The yak barely misses you.
Unknown command.
Unknown command.
Found 27 arrows.
Found a small tourmaline ring.
The centaur shoots an arrow.
The arrow closely misses you.
There is a stone staircase leading up here.
Unknown command.
The centaur shoots an arrow.
The arrow hits you!
You die...

.#..#....
.........
....(..=##
.##.......#
.....Y....#
...#...(.#....##..
.........#c.......
#.....##.##.Y.....
#....###Y##.@.....
.......Y.###......
......YY..###.....
..........##......
..................
..................
...............
..........##
...####..#


You could see 2 yaks and a centaur.

Vanquished Creatures
  A sky beast (D:6)
  A bullfrog (D:6)
  2 howler monkey zombies
  An adder (D:6)
  A shadow imp (D:6)
6 creatures vanquished.

Notes
Turn   | Place    | Note
-------+----------+-------------------------------------------
     0 | D:5      | willcat the Kobold Delver began the quest for the Orb.
     0 | D:5      | Reached XP level 1. HP: 14/14 MP: 1/1
    62 | D:6      | Noticed a bullfrog
    66 | D:6      | Killed a bullfrog
    67 | D:6      | Reached skill level 7 in Stealth
    67 | D:6      | Reached skill level 1 in Spellcasting
    67 | D:6      | Reached XP level 2. HP: 19/19 MP: 1/4
    67 | D:6      | Reached XP level 3. HP: 23/23 MP: 1/5
    67 | D:6      | Reached XP level 4. HP: 28/28 MP: 1/6
    75 | D:6      | Learned a level 2 spell: Poisonous Vapours
   130 | D:6      | Noticed a sky beast
   134 | D:6      | Killed a sky beast
   135 | D:6      | Reached skill level 1 in Poison Magic
   135 | D:6      | Reached XP level 5. HP: 32/32 MP: 6/8
   308 | D:8      | Noticed a yak
   309 | D:8      | Noticed a centaur
   309 | D:8      | Noticed a yak
   309 | D:8      | Noticed a yak
   310 | D:8      | Noticed a yak
   310 | D:8      | Noticed a yak
   337 | D:9      | Reached XP level 6. HP: 25/37 MP: 9/9
   516 | D:8      | Shot with an arrow by a centaur

Illustrated notes

Levels and vault maps discovered:
D:5:      layout_layer_cave, nicolae_uskayaw_suspiria, st_stairs_8,
          corexii_shack, corexii_item_surrounded_by_moat, uniq_duvessa
D:6:      layout_loops_ring, dk_yredelemnul_ordeal, pf_just_have_faith,
          gup_sewer_entry_bubbles
D:7:      layout_loops_cross, minmay_temple_entry_grid
D:8:      kennysheep_six_static_rooms, layout_cave_pools,
          mainiacjoe_overflow_paths, kennysheep_mini, serial_gnoll_camp,
          gnoll_camp_huts_basic, gnoll_camp_mini_basic, gnoll_camp_mini_basic,
          gnoll_camp_mini_basic
D:9:      cheibrodos_steamvent, layout_basic, cheibrodos_worm_habitat,
          due_lair_maze_entry_diamond, chequers_mini_garden,
          roderic_serpentine_path, hangedman_tell_no_tales, uniq_joseph

Skill      XL: |  1  2  3  4 |
---------------+-------------+-----
Short Blades   | 3 4 |  4.6
Stealth        | 7 |  7.8
Spellcasting   | 1 2 |  2.6
Poison Magic   | 1 |  1.4
Fighting       | |  3.2
Dodging        | |  2.4
Air Magic      | |  0.3

Action                   |  1- 3 |  4- 6 || total
-------------------------+-------+-------++-------
Melee: Short sword       |     1 |    21 ||    22
  Use: Scroll            |       |     2 ||     2
 Stab: Sleeping          |     1 |     4 ||     5
Armor: Leather armour    |       |     2 ||     2
Dodge: Dodged            |       |    18 ||    18

Table legend: (Time is in decaauts)
 A = Elapsed time spent in this place.
 B = Non-inter-level travel time spent in this place.
 C = Inter-level travel time spent in this place.
 D = Time resting spent in this place.
 E = Time spent auto-exploring this place.
 F = Levels seen in this place.
 G = Mean time per level.
                   A        B        C        D        E       F      G
               +--------+--------+--------+--------+--------+-----+--------+
         Total |    512 |    512 |      0 |    122 |    167 |   5 |  102.4 |
       Dungeon |    512 |    512 |      0 |    122 |    167 |   5 |  102.4 |
               +--------+--------+--------+--------+--------+-----+--------+

Top non-repeatable levels by time:
     D:6: 232 daAuts
     D:9: 186 daAuts
     D:5: 51 daAuts
     D:8: 36 daAuts
     D:7: 6 daAuts
